 Dungeon Crawl Stone Soup version 0.20-a0-970-gcd8f41e (webtiles) character file.

4272 Murumi the Covert (level 10, -4/84 HPs)
             Began as a Naga Assassin on Apr 8, 2017.
             Was an Initiate of Cheibriados.
             Slain by an orc warrior
             ... wielding a +0 glaive
              (17 damage)
             ... on level 7 of the Dungeon.
             The game lasted 00:26:25 (7791 turns).

Murumi the Covert (Naga Assassin)                   Turns: 7791, Time: 00:26:26

Health: -4/84      AC:  8    Str: 14    XL:     10   Next: 31%
Magic:  13/13      EV: 11    Int: 14    God:    Cheibriados [......]
Gold:   113        SH:  0    Dex: 16    Spells: 9/9 levels left

rFire    . . .     SeeInvis +   l - +4 dagger (venom)
rCold    . . .     Gourm    .   (no shield)
rNeg     . . .     Faith    .   x - +2 robe {Archmagi}
rPois    +         Spirit   .   (no helmet)
rElec    .         Reflect  .   d - +0 cloak
rCorr    .         Harm     .   v - +0 pair of gloves
MR       ++...                  (no barding)
Stlth    ++++++....             (no amulet)
Regen    0.3/turn               j - +3 ring of slaying
MPRegen  0.2/turn               c - ring of protection from magic

@: very slow
A: see invisible, deformed body, poison resistance, slowness 2, slow metabolism
1, spit poison 1, AC +3
a: Spit Poison, Bend Time, Renounce Religion


You were on level 7 of the Dungeon.
You worshipped Cheibriados.
Cheibriados was noncommittal.
You were not hungry.

You visited 2 branches of the dungeon, and saw 9 of its levels.

You collected 227 gold pieces.
You spent 114 gold pieces at shops.

Inventory:

Hand Weapons
 b - a +0 blowgun
 l - a +4 dagger of venom (weapon)
Missiles
 e - 32 poisoned needles
 f - 2 curare-tipped needles
 k - 174 stones (quivered)
Armour
 d - a +0 cloak (worn)
 v - a +0 pair of gloves (worn)
 x - a +2 robe of the Archmagi (worn)
Jewellery
 c - a ring of protection from magic (right hand)
 j - a +3 ring of slaying (left hand)
 o - an uncursed ring of fire
Wands
 q - a wand of scattershot (3/9)
Scrolls
 i - 2 scrolls of recharging
 m - a scroll of enchant armour
 r - a scroll of fog
 t - a scroll of amnesia
 u - a scroll of remove curse
Potions
 a - 4 potions of curing
 h - 2 potions of brilliance
 s - a potion of flight
 w - a potion of agility {unknown}
Comestibles
 g - 5 bread rations
 n - 4 royal jellies
 p - 2 meat rations


   Skills:
 - Level 3.0 Fighting
 - Level 9.1 Short Blades
 + Level 3.5 Throwing
 - Level 3.0 Dodging
 - Level 14.0 Stealth
 - Level 5.3 Evocations


You had 9 spell levels left.
You didn't know any spells.

Dungeon Overview and Level Annotations

Branches:
Dungeon (8/15)             Temple (1/1) D:6
   Lair: D:8-11

Altars:
Ashenzari
Cheibriados
Dithmenos
Elyvilon
Fedhas
Gozag
Hepliaklqana
Kikubaaqudgha
Makhleb
Nemelex Xobeh
Okawaru
Qazlal
Ru
Sif Muna
Trog
Uskayaw
Vehumet
Wu Jian
Xom
Yredelemnul
Zin
The Shining One

Shops:
D:4 %   D:6 [


Innate Abilities, Weirdness & Mutations

You cannot wear boots.
Your serpentine skin is tough. (AC +3)
You have supernaturally acute eyesight. (SInv)
Armour fits poorly on your strangely shaped body.
Your system is resistant to poisons. (rPois)
You cover ground very slowly.
You have a slow metabolism.
You can spit poison.


Message History

The bullfrog releases a deep croak.
The bullfrog hits you. x2
The bullfrog hits you. x2
The orc warrior hits you from afar with a glaive!
The bullfrog closely misses you. The bullfrog hits you.
The bullfrog misses you.
The orc warrior hits you from afar with a glaive!
* * * LOW HITPOINT WARNING * * *
The bullfrog hits you but does no damage. x2
The orc warrior hits you from afar with a glaive.
* * * LOW HITPOINT WARNING * * *
The bullfrog hits you.
* * * LOW HITPOINT WARNING * * *
The bullfrog hits you.
* * * LOW HITPOINT WARNING * * *
There is a stone staircase leading up here.
The bullfrog hits you.
* * * LOW HITPOINT WARNING * * *
The orc warrior hits you from afar with a glaive!
You die...

#########....#
#.....##.....# ..
#............#...
#......%.....#...
###................
#...........#......
#.
#...>..............
.$
#......#...o.....#
#
#.....@#...o†....#
#
#.....F#..o......#
#
#.....o#....####...
#
####+#.o.o.........
# #...#....##.... .
# #...#...........
# #...###.........
# ..... ..........
.... #.....
#......./. ....


You could see 2 orc warriors and a bullfrog.

Vanquished Creatures
  A two-headed ogre (D:5)
  The ghost of Murumi the Covert, a novice NaAs (D:5)
  The ghost of Murumi the Covert, a novice NaAs (D:4)
  Grinder (D:6)
  A hippogriff (D:8)
  Edmund (D:4)
  2 sky beasts
  2 ice beasts (D:6)
  2 phantoms (D:6)
  6 ogres
  2 bullfrogs
  2 scorpions
  A crimson imp (D:5)
  A bullfrog zombie (D:6)
  A centaur zombie (D:7)
  4 hounds
  3 centaur skeletons
  Crazy Yiuf (D:2)
  A jelly (D:5)
  4 orc wizards
  Ijyb (D:3)
  10 worker ants
  A hound zombie (D:5)
  2 worker ant zombies
  4 gnolls (D:5)
  14 adders
  4 shadow imps
  3 oozes
  A worm (D:3)
  3 dart slugs (D:1)
  7 leopard geckos
  16 orcs
  6 ball pythons
  7 giant cockroaches
  11 goblins
  9 hobgoblins
  6 jackals
  9 kobolds
  7 quokkas
  11 bats
  5 frilled lizards
  A leopard gecko skeleton (D:5)
  9 rats
185 creatures vanquished.

Notes
Turn   | Place    | Note
-------+----------+-------------------------------------------
     0 | D:1      | Murumi the Naga Assassin began the quest for the Orb.
     0 | D:1      | Reached XP level 1. HP: 19/19 MP: 1/1
    11 | D:1      | Reached skill level 6 in Stealth
    24 | D:1      | Reached skill level 1 in Dodging
   128 | D:1      | Reached XP level 2. HP: 26/26 MP: 2/2
   328 | D:1      | Reached skill level 7 in Stealth
   335 | D:1      | Reached XP level 3. HP: 26/32 MP: 3/3
  1161 | D:2      | Reached skill level 8 in Stealth
  1161 | D:2      | Reached XP level 4. HP: 39/39 MP: 4/4
  1762 | D:2      | Found a runed door.
  1808 | D:2      | Noticed Crazy Yiuf
  1816 | D:2      | Killed Crazy Yiuf
  1816 | D:2      | Reached skill level 9 in Stealth
  1816 | D:2      | Reached XP level 5. HP: 16/45 MP: 0/5
  2467 | D:3      | Noticed Ijyb
  2477 | D:3      | Killed Ijyb
  2668 | D:3      | Reached skill level 10 in Stealth
  3092 | D:3      | Reached XP level 6. HP: 47/52 MP: 6/6
  3452 | D:4      | Noticed Edmund
  3464 | D:4      | Killed Edmund
  3680 | D:4      | Reached skill level 1 in Evocations
  3719 | D:4      | Reached XP level 7. HP: 48/60 MP: 6/8
  3750 | D:4      | Noticed Murumi's ghost (novice NaAs)
  3797 | D:4      | Killed Murumi's ghost
  3797 | D:4      | Reached skill level 5 in Evocations
  3896 | D:4      | Reached XP level 8. HP: 10/67 MP: 11/11
  4189 | D:4      | Found Dex Eschy's Food Shop.
  4240 | D:4      | Reached skill level 11 in Stealth
  4458 | D:4      | Found a hide-covered altar of Uskayaw.
  4463 | D:4      | Found a stormy altar of Qazlal.
  4466 | D:4      | Found a basalt altar of Yredelemnul.
  4467 | D:4      | Found a shattered altar of Ashenzari.
  4539 | D:5      | Entered Level 5 of the Dungeon
  4866 | D:5      | Reached skill level 5 in Short Blades
  4988 | D:5      | Noticed a two-headed ogre
  4993 | D:5      | Killed a two-headed ogre
  4993 | D:5      | Reached XP level 9. HP: 73/73 MP: 12/12
  5066 | D:5      | Noticed Murumi's ghost (novice NaAs)
  5125 | D:5      | Killed Murumi's ghost
  5255 | D:5      | Found a sparkling altar of Nemelex Xobeh.
  5856 | D:6      | Noticed Grinder
  5883 | D:6      | Killed Grinder
  5883 | D:6      | Reached skill level 12 in Stealth
  6255 | D:6      | Reached XP level 10. HP: 80/84 MP: 13/13
  6262 | D:6      | Reached skill level 13 in Stealth
  6824 | D:6      | Found Awijude's Antique Armour Shoppe.
  6831 | D:6      | Bought a glowing robe for 114 gold pieces
  6897 | D:6      | Reached skill level 14 in Stealth
  6905 | D:6      | Found a staircase to the Ecumenical Temple.
  6913 | Temple   | Entered the Ecumenical Temple
  6995 | Temple   | Became a worshipper of Cheibriados the Contemplative
  7395 | D:6      | You fall through a shaft for 2 floors!
  7791 | D:7      | Slain by an orc warrior

Vault maps used:
D:1:      dpeg_arrival_subterranean_lakeside_camping
D:2:      uniq_crazy_yiuf_cottage
D:3:      first_bread, minmay_shallow_snake_nest, uniq_iyjb
D:4:      minitemple, serial_shops, shop, grunt_decor_one_mirror, uniq_edmund
D:5:      nemelex_dance_club_becter
D:6:      minmay_temple_entry_glassed_door, serial_shops, shop,
          kennysheep_generic_room_4, uniq_grinder
D:8:      serial_shops, shop, shop, kennysheep_little_box, shop_fountains,
          kennysheep_mini, columned_hall_lemuel
Temple:   regret_index_temple_mists

Skill      XL: |  1  2  3  4  5  6  7  8  9 10 |
---------------+-------------------------------+-----
Stealth        | 6 7 8 9 10 11 12 14 | 14.0
Dodging        | 1 3 |  3.0
Throwing       | 2 3 |  3.5
Evocations     | 2 5 |  5.3
Short Blades   | 7 9 |  9.1
Fighting       | 3 |  3.0

Action                   |  1- 3 |  4- 6 |  7- 9 | 10-12 || total
-------------------------+-------+-------+-------+-------++-------
Melee: Dagger            |    65 |   132 |   242 |   132 ||   571
Throw: Stone             |       |     2 |     6 |    12 ||    20
 Abil: Spit Poison       |     3 |     7 |    20 |     9 ||    39
  Use: Scroll            |     5 |     9 |     2 |     4 ||    20
       Potion            |       |       |     4 |       ||     4
 Stab: Sleeping          |    16 |    15 |    22 |     5 ||    58
       Distracted        |     1 |     2 |     3 |       ||     6
  Eat: Chunk             |       |     6 |     5 |     5 ||    16
       Bread ration      |       |       |     1 |       ||     1
Armor: Robe              |    13 |    23 |    42 |    31 ||   109
Dodge: Dodged            |    31 |    49 |    65 |    49 ||   194
